[Event "FIDE Grand Swiss 2023"]
[Site "Villa Marina, Douglas, Isle of Man"]
[Date "2023.11.03"]
[Round "9.47"]
[White "Karthikeyan, Murali"]
[Black "Santos Latasa, Jaime"]
[Result "1/2-1/2"]
[WhiteElo "2611"]
[BlackElo "2650"]
[EventDate "2023.10.25"]
[ECO "C81"]
[PlyCount "64"]
[BlackClock "01:03:49"]
[BlackFideId "2293307"]
[TimeControl "40/100 + 20/50 + 15 + 30s/move"]
[WhiteClock "00:40:44"]
[WhiteFideId "5074452"]

1.e4 e5 2.Nf3 Nc6 3.Bb5 a6 4.Ba4 Nf6 5.O-O Nxe4 6.d4 b5 7.Bb3 d5 8.dxe5 Be6 9.Qe2 Nc5 10.Rd1 Nxb3 11.axb3 Be7 12.c3 O-O 13.b4 Qd7 14.Be3 Bg4 15.Nbd2 Qe6 16.h3 Bxf3 17.Nxf3 Nxe5 18.Nxe5 Qxe5 19.Qg4 Qe6 20.Bd4 Qxg4 21.hxg4 Rfc8 22.Ra5 f6 23.Rda1 c5 24.bxc5 Bxc5 25.Bxc5 Rxc5 26.Rxa6 Rxa6 27.Rxa6 Rc4 28.Rb6 d4 29.cxd4 Rxd4 30.Rxb5 Rxg4 31.b4 h5 32.Rxh5 Rxb4 1/2-1/2

[Event "FIDE Grand Swiss 2023"]
[Site "Villa Marina, Douglas, Isle of Man"]
[Date "2023.11.03"]
[Round "9.48"]
[White "Iturrizaga Bonelli, Eduardo"]
[Black "Idani, Pouya"]
[Result "1/2-1/2"]
[WhiteElo "2615"]
[BlackElo "2633"]
[EventDate "2023.10.25"]
[ECO "D33"]
[PlyCount "40"]
[BlackClock "01:11:35"]
[BlackFideId "12510130"]
[TimeControl "40/100 + 20/50 + 15 + 30s/move"]
[WhiteClock "00:34:38"]
[WhiteFideId "3901211"]

1.c4 Nf6 2.Nc3 c5 3.g3 e6 4.Nf3 d5 5.cxd5 exd5 6.d4 Nc6 7.Bg2 cxd4 8.Nxd4 Bc5 9.Nb3 Bb6 10.O-O d4 11.Na4 O-O 12.Nxb6 axb6 13.Bxc6 bxc6 14.Qxd4 c5 15.Qxd8 Rxd8 16.Bf4 Nd5 17.Bd2 Nf6 18.Bf4 Nd5 19.Bd2 Nf6 20.Bf4 Nd5 1/2-1/2

[Event "FIDE Grand Swiss 2023"]
[Site "Villa Marina, Douglas, Isle of Man"]
[Date "2023.11.03"]
[Round "9.49"]
[White "Kollars, Dmitrij"]
[Black "Adhiban, B."]
[Result "1-0"]
[WhiteElo "2633"]
[BlackElo "2551"]
[EventDate "2023.10.25"]
[ECO "B44"]
[PlyCount "50"]
[BlackFideId "5018471"]
[TimeControl "40/100 + 20/50 + 15 + 30s/move"]
[WhiteFideId "12909572"]

1.e4 c5 2.Nf3 e6 3.d4 cxd4 4.Nxd4 Nc6 5.Bf4 Nf6 6.Nb5 e5 7.Bg5 a6 8.Bxf6 gxf6 9.Nd6+ Bxd6 10.Qxd6 Qe7 11.Qd2 f5 12.Nc3 fxe4 13.Bc4 b5 14.Bd5 f5 15.Qh6 Bb7 16.Qh5+ Kd8 17.Qxf5 b4 18.Ne2 Nd4 19.Qxe4 Bxd5 20.Qxd5 Nxc2+ 21.Kd1 Rc8 22.Rc1 Rc5 23.Qa8+ Rc8 24.Qxa6 b3 25.axb3 Qe8 1-0

[Event "FIDE Grand Swiss 2023"]
[Site "Villa Marina, Douglas, Isle of Man"]
[Date "2023.11.03"]
[Round "9.50"]
[White "Mendonca, Leon Luke"]
[Black "Wu, Li"]
[Result "1-0"]
[WhiteElo "2622"]
[BlackElo "2303"]
[EventDate "2023.10.25"]
[ECO "A15"]
[PlyCount "87"]
[BlackClock "00:05:11"]
[BlackFideId "411086"]
[TimeControl "40/100 + 20/50 + 15 + 30s/move"]
[WhiteClock "00:17:31"]
[WhiteFideId "35028561"]

1.Nf3 Nf6 2.c4 e6 3.Nc3 d5 4.e3 c5 5.cxd5 exd5 6.d4 a6 7.Be2 Nc6 8.O-O Bd6 9.dxc5 Bxc5 10.b3 O-O 11.Bb2 Qd6 12.Na4 Ba7 13.Bxf6 Qxf6 14.Qxd5 Bg4 15.Rac1 Rfe8 16.Qc4 Bxf3 17.Bxf3 Ne5 18.Qe2 Nxf3+ 19.Qxf3 Qxf3 20.gxf3 Rac8 21.Rfd1 b5 22.Nc3 Bc5 23.Ne4 Ba3 24.Rxc8 Rxc8 25.Rd7 h6 26.f4 Rc6 27.f5 Kf8 28.Kg2 Ke8 29.Ra7 Bb2 30.h4 Be5 31.Ra8+ Ke7 32.h5 Bc7 33.Rg8 Be5 34.f4 Rc2+ 35.Kf3 Ba1 36.Ra8 Rxa2 37.Ra7+ Kf8 38.Nd6 Ra3 39.Rxf7+ Kg8 40.Ra7 Rxb3 41.Ra8+ Kh7 42.Nf7 g6 43.fxg6+ Kg7 44.Nd6 1-0

[Event "FIDE Grand Swiss 2023"]
[Site "Villa Marina, Douglas, Isle of Man"]
[Date "2023.11.03"]
[Round "9.51"]
[White "Nguyen, Thai Dai Van"]
[Black "Samunenkov, Ihor"]
[Result "1/2-1/2"]
[WhiteElo "2618"]
[BlackElo "2531"]
[EventDate "2023.10.25"]
[ECO "E04"]
[PlyCount "132"]
[BlackClock "00:37:28"]
[BlackFideId "14187086"]
[TimeControl "40/100 + 20/50 + 15 + 30s/move"]
[WhiteClock "00:05:51"]
[WhiteFideId "358878"]

1.d4 d5 2.c4 e6 3.Nf3 Nf6 4.g3 dxc4 5.Bg2 c5 6.O-O Nc6 7.Qa4 Bd7 8.Qxc4 cxd4 9.Nxd4 Rc8 10.Nc3 Nxd4 11.Qxd4 Bc5 12.Qh4 Bc6 13.Bxc6+ Rxc6 14.Bg5 Be7 15.Rfd1 Qa5 16.Ne4 Qe5 17.Nxf6+ Bxf6 18.Bxf6 Qxf6 19.Qxf6 gxf6 20.Rac1 Rxc1 ( 20...Rc3 21.Rc2 Rxc2 22.Rc1 ) 21.Rxc1 Kd7 22.Kg2 Rg8 23.f4 f5 24.Kh3 Rg6 25.Rd1+ Kc7 26.Rc1+ Kd7 27.Rc3 a5 28.Rc2 Rh6+ 29.Kg2 Rg6 30.Kf3 Rg8 31.Kg2 Rg6 32.Rc5 b6 33.Rc2 Rg8 34.Kh3 Rg6 35.Rd2+ Ke7 36.Rd3 Rg8 37.Rb3 Rc8 38.Rxb6 Rc2 39.e3 Kf6 40.Rb5 Kg6 41.a4 Re2 42.Rb3 h5 43.Rb5 Rd2 44.Rxa5 Rxb2 45.Ra8 Ra2 46.Ra5 Kh6 47.Ra7 Kg6 48.Ra6 Kg7 49.a5 Kg6 50.Ra7 Kf6 51.a6 Kg6 52.Ra8 Kf6 53.Ra7 Kg6 54.Ra8 Kf6 55.Rh8 Rxa6 56.Rxh5 Ra3 57.e4 fxe4 58.Re5 Ra4 59.g4 Ra3+ 60.Kg2 Ra2+ 61.Kg3 Ra3+ 62.Kh4 Re3 63.h3 Kg6 64.Rg5+ Kf6 65.Re5 Kg6 66.Rg5+ Kf6 1/2-1/2

[Event "FIDE Grand Swiss 2023"]
[Site "Villa Marina, Douglas, Isle of Man"]
[Date "2023.11.03"]
[Round "9.52"]
[White "Dardha, Daniel"]
[Black "Mareco, Sandro"]
[Result "1/2-1/2"]
[WhiteElo "2580"]
[BlackElo "2606"]
[EventDate "2023.10.25"]
[ECO "E00"]
[PlyCount "52"]
[BlackFideId "112275"]
[TimeControl "40/100 + 20/50 + 15 + 30s/move"]
[WhiteFideId "240990"]

1.d4 Nf6 2.c4 e6 3.Bf4 d5 4.cxd5 exd5 5.e3 Bd6 6.Bxd6 Qxd6 7.Bd3 O-O 8.Nc3 Re8 9.h3 a6 10.Nf3 Nbd7 11.O-O b6 12.Qb1 c5 13.b3 Bb7 14.Qb2 Rac8 15.a4 Rc7 16.Rac1 g6 17.Rfd1 Rec8 18.Bf1 Qe7 19.Rc2 Nf8 20.Rdc1 Ne6 21.Ne2 Ne4 22.Ne5 Qf6 23.Ng4 Qg7 24.Ne5 Qf6 25.Ng4 Qg7 26.Ne5 Qf6 1/2-1/2

[Event "FIDE Grand Swiss 2023"]
[Site "Villa Marina, Douglas, Isle of Man"]
[Date "2023.11.03"]
[Round "9.53"]
[White "Lazavik, Denis"]
[Black "Sanal, Vahap"]
[Result "1/2-1/2"]
[WhiteElo "2560"]
[BlackElo "2603"]
[EventDate "2023.10.25"]
[ECO "D30"]
[PlyCount "69"]
[BlackClock "00:16:41"]
[BlackFideId "6300545"]
[TimeControl "40/100 + 20/50 + 15 + 30s/move"]
[WhiteClock "00:28:14"]
[WhiteFideId "13515110"]

1.d4 d5 2.c4 e6 3.Nf3 Nf6 4.g3 Be7 5.Bg2 O-O 6.O-O a5 7.Qc2 c6 8.Nbd2 Na6 9.b3 a4 10.a3 axb3 11.Qxb3 c5 12.Bb2 cxd4 13.Bxd4 Nc5 14.Qc2 Bd7 15.cxd5 Ba4 16.Qb2 exd5 17.Rfc1 Ra5 18.Rab1 Bc6 19.Bc3 Ra8 20.Bb4 Ne6 21.Nb3 Bxb4 22.axb4 Bb5 23.Nbd4 Bc4 24.Ra1 Qb6 25.Nxe6 Rxa1 26.Rxa1 fxe6 27.e3 Nd7 28.Ne5 Nxe5 29.Qxe5 Qxb4 30.Qxe6+ Kh8 31.Qe5 Qd2 32.Qf5 Kg8 33.Qe6+ Kh8 34.Qf5 Kg8 35.Qe6+ 1/2-1/2

[Event "FIDE Grand Swiss 2023"]
[Site "Villa Marina, Douglas, Isle of Man"]
[Date "2023.11.03"]
[Round "9.54"]
[White "Krasenkow, Michal"]
[Black "Henriquez Villagra, Cristobal"]
[Result "1-0"]
[WhiteElo "2531"]
[BlackElo "2630"]
[EventDate "2023.10.25"]
[ECO "D35"]
[PlyCount "81"]
[BlackClock "00:01:23"]
[BlackFideId "3409350"]
[TimeControl "40/100 + 20/50 + 15 + 30s/move"]
[WhiteClock "00:21:00"]
[WhiteFideId "1113100"]

1.d4 d5 2.c4 e6 3.Nc3 Nf6 4.cxd5 exd5 5.Bg5 c6 6.e3 Be7 7.Bd3 Nbd7 8.Nge2 Nh5 9.Bxe7 Qxe7 10.Rb1 a6 11.b4 g6 12.a4 O-O 13.b5 Qd6 14.bxc6 bxc6 15.a5 c5 16.Qa4 c4 17.Bc2 Rb8 18.O-O Bb7 19.e4 Bc6 20.Qa2 dxe4 21.Nxe4 Qe6 22.N2c3 Nf4 23.f3 f5 24.Nf2 Rxb1 25.Bxb1 Re8 26.Nfd1 Nf6 27.Qd2 Qd6 28.Ba2 Bb5 29.Ne3 Qb4 30.Rc1 N6d5 31.Nexd5 Nxd5 32.Rc2 Ne3 33.Rb2 Qxa5 34.d5 Qb6 35.Kh1 Qc5 36.Rb1 Rd8 37.Re1 Nxd5 38.Rd1 Nxc3 39.Qxd8+ Kf7 40.Rd6 Qe5 41.Bxc4+ 1-0

[Event "FIDE Grand Swiss 2023"]
[Site "Villa Marina, Douglas, Isle of Man"]
[Date "2023.11.03"]
[Round "9.55"]
[White "Kozak, Adam"]
[Black "Amar, Elham"]
[Result "1-0"]
[WhiteElo "2566"]
[BlackElo "2568"]
[EventDate "2023.10.25"]
[ECO "A07"]
[PlyCount "96"]
[BlackClock "00:44:07"]
[BlackFideId "1533533"]
[TimeControl "40/100 + 20/50 + 15 + 30s/move"]
[WhiteClock "00:25:09"]
[WhiteFideId "753246"]

1.Nf3 Nf6 2.g3 d5 3.Bg2 e6 4.O-O c5 5.c4 d4 6.e3 Nc6 7.exd4 cxd4 8.d3 Bc5 9.Bg5 h6 10.Bxf6 gxf6 11.Nbd2 Kf8 12.Rc1 Rb8 13.Ne1 Bd7 14.Nc2 b6 15.Rb1 a5 16.a3 a4 17.b4 axb3 18.Nxb3 h5 19.Qe2 Kg7 20.Nd2 Qe7 21.Nf3 Qd6 22.Rb3 Ne5 23.Nxe5 Qxe5 24.Qxe5 fxe5 25.Nb4 Ba4 26.Rb2 Rbc8 27.Re1 b5 28.cxb5 Bxb5 29.Rxe5 f6 30.Re1 e5 31.Be4 Bd6 32.Ra1 Bd7 33.Nd5 Rb8 34.Rab1 Kf7 35.Nb6 Be6 36.a4 f5 37.Bf3 e4 38.dxe4 d3 39.exf5 Bxf5 40.a5 Rbd8 41.Rb5 Bh3 42.Rd1 Rde8 43.Nc4 Bb8 44.Ne3 Rd8 45.Bxh5+ Ke7 46.Bg4 Bxg4 47.Nxg4 d2 48.Rb2 Rh5 1-0

[Event "FIDE Grand Swiss 2023"]
[Site "Villa Marina, Douglas, Isle of Man"]
[Date "2023.11.03"]
[Round "9.56"]
[White "Kolbus, Dietmar"]
[Black "Fawzy, Adham"]
[Result "1/2-1/2"]
[WhiteElo "2225"]
[BlackElo "2535"]
[EventDate "2023.10.25"]
[ECO "A28"]
[PlyCount "153"]
[BlackClock "00:33:54"]
[BlackFideId "10613129"]
[TimeControl "40/100 + 20/50 + 15 + 30s/move"]
[WhiteClock "00:03:10"]
[WhiteFideId "4610628"]

1.c4 e5 2.Nc3 Nf6 3.Nf3 Nc6 4.d3 d5 5.cxd5 Nxd5 6.e3 Be7 7.Be2 Be6 8.O-O O-O 9.e4 Nf6 10.h3 Bc5 11.Na4 Bd4 12.Nxd4 Nxd4 13.Nc5 Qd6 14.Nxe6 fxe6 15.Be3 c5 16.Bxd4 Qxd4 17.Qb3 Qd6 18.Rac1 b6 19.Bg4 Rae8 20.Qc4 Qe7 21.Bd1 Kh8 22.Qc3 Qd6 23.Ba4 Rd8 24.Bb5 Nh5 25.Rfe1 Nf4 26.Re3 Rf6 27.Kh2 Rdf8 28.Rc2 h5 29.g3 Ng6 30.Kg2 h4 31.a3 a5 32.Qe1 Qd4 33.Ree2 Rf3 34.Bc4 R8f6 35.Bb5 Kg8 36.Bc4 Kf7 37.Bb5 Ke7 38.Bc4 hxg3 39.fxg3 Rf1 40.Qxf1 Rxf1 41.Kxf1 Nh8 42.Kg2 Qd7 43.Rcd2 Nf7 44.Rf2 Nd6 45.Rfe2 Qa4 46.Rc2 b5 47.Ba2 Qd4 48.Rcd2 a4 49.h4 b4 50.axb4 cxb4 51.Bc4 b3 52.Kh2 Ne8 53.Rd1 Nf6 54.Kh3 Qd7 55.Ra1 Qe8 56.Rf2 Kd6 57.Rc1 Qc6 58.Re2 Ke7 59.Ra1 Nd7 60.Rf1 Nb6 61.Rff2 Qe8 62.Re1 Qh5 63.Kg2 Qg4 64.Bb5 g5 65.hxg5 Qxg5 66.Rfe2 Kd6 67.Ra1 Kc5 68.Bxa4 Kb4 69.Bc6 Qd8 70.Rd2 Qc8 71.Rc1 Qf8 72.Rc3 Qh6 73.Re2 Qg5 74.Be8 Qd8 75.Bc6 Qg5 76.Be8 Qd8 77.Bc6 1/2-1/2

[Event "FIDE Grand Swiss 2023"]
[Site "Villa Marina, Douglas, Isle of Man"]
[Date "2023.11.03"]
[Round "9.57"]
[White "Fier, Alexandr"]
[Black "Greenfeld, Alon"]
[Result "0-1"]
[WhiteElo "2574"]
[BlackElo "2455"]
[EventDate "2023.10.25"]
[ECO "B38"]
[PlyCount "80"]
[BlackFideId "2800039"]
[TimeControl "40/100 + 20/50 + 15 + 30s/move"]
[WhiteFideId "2107139"]

1.e4 c5 2.Nf3 Nc6 3.d4 cxd4 4.Nxd4 g6 5.c4 Bg7 6.Be3 Nf6 7.Nc3 O-O 8.f3 d6 9.Be2 Nxd4 10.Bxd4 Be6 11.O-O Qa5 12.Rc1 Rac8 13.b3 Nd7 14.Kh1 a6 15.f4 Bxd4 16.Qxd4 f6 17.Qe3 Kg7 18.Qg3 b5 19.Bg4 Bxg4 20.Qxg4 Nb6 21.Qe6 bxc4 22.Qxe7+ Rf7 23.b4 Qxb4 24.Qe6 Rcc7 25.e5 fxe5 26.fxe5 Qxc3 27.exd6 Rxf1+ 28.Rxf1 Rd7 29.Qe8 h5 30.h3 Qd4 31.Re1 Rf7 32.Qc6 c3 33.Re7 c2 34.Qxc2 Rxe7 35.dxe7 Qa1+ 36.Kh2 Qe5+ 37.Kh1 Qxe7 38.Qc6 Qe1+ 39.Kh2 Qe5+ 40.Kh1 Qb5 0-1

[Event "FIDE Grand Swiss 2023"]
[Site "Villa Marina, Douglas, Isle of Man"]
[Date "2023.11.04"]
[Round "10.3"]
[White "Esipenko, Andrey"]
[Black "Maghsoodloo, Parham"]
[Result "1-0"]
[WhiteElo "2683"]
[BlackElo "2707"]
[EventDate "2023.10.25"]
[ECO "E00"]
[PlyCount "79"]
[BlackClock "00:00:02"]
[BlackFideId "12539929"]
[TimeControl "40/100 + 20/50 + 15 + 30s/move"]
[WhiteClock "00:02:16"]
[WhiteFideId "24175439"]

1.d4 Nf6 2.c4 e6 3.g3 d5 4.Nf3 Bb4+ 5.Bd2 Be7 6.Bg2 O-O 7.O-O h6 8.Qc2 c6 9.Bf4 Nbd7 10.Rd1 a5 11.Nc3 b6 12.Ne5 Nxe5 13.dxe5 Nd7 14.cxd5 cxd5 15.e4 d4 16.Rxd4 Bc5 17.Rdd1 g5 18.Bc1 Qc7 19.Na4 Qxe5 20.Nxc5 Nxc5 21.Be3 Ba6 22.Bd4 Qc7 23.Qc3 Kh7 24.Be5 Qa7 25.Qf3 Rg8 26.Rd6 g4 27.Qe3 Rad8 28.Rad1 ( 28.Bg7 Kxg7 29.Qd4+ e5 30.Qxe5+ Kh7 
31.Qf5+ ) 28...Qe7 29.h3 Rxd6 30.Bxd6 Qg5 31.Bf4 Qg7 32.Rd6 Qxb2 33.hxg4 Rxg4 34.Bf3 h5 35.Rd4 Bb7 36.Kh2 Qb1 37.Be5 Bxe4 38.Rd1 Qc2 39.Bxg4 hxg4 40.Rd8 1-0

[Event "FIDE Grand Swiss 2023"]
[Site "Villa Marina, Douglas, Isle of Man"]
[Date "2023.11.04"]
[Round "10.4"]
[White "Keymer, Vincent"]
[Black "Fedoseev, Vladimir"]
[Result "1-0"]
[WhiteElo "2717"]
[BlackElo "2691"]
[EventDate "2023.10.25"]
[ECO "E17"]
[PlyCount "97"]
[BlackClock "00:44:23"]
[BlackFideId "24130737"]
[TimeControl "40/100 + 20/50 + 15 + 30s/move"]
[WhiteClock "00:35:23"]
[WhiteFideId "12940690"]

1.d4 Nf6 2.c4 e6 3.Nf3 b6 4.g3 Bb7 5.Bg2 Be7 6.O-O O-O 7.Re1 Re8 8.Nc3 d5 9.cxd5 Nxd5 10.Bd2 Na6 11.e4 Nxc3 12.bxc3 c5 13.Qa4 cxd4 14.cxd4 Bd6 15.Rac1 h6 16.h4 Rf8 17.g4 Qe7 18.Bf1 Nc7 19.Qb3 Qd7 20.g5 Kh8 21.gxh6 f6 22.Bg2 gxh6 23.Qe3 Qh7 24.h5 Rg8 25.Nh4 Rg4 26.Ng6+ Kg8 27.Qh3 f5 28.Kh1 Ne8 29.Rg1 Qd7 30.Bf3 Nf6 31.e5 Ne4 32.Bxe4 Bxe4+ 33.Kh2 Bc5 34.Rxg4 fxg4 35.Qxg4 Bf5 36.Qg2 Rd8 37.Rg1 Qxd4 38.Be3 Qa4 39.Ne7+ Kf7 40.Nxf5 exf5 41.Qg6+ Ke7 42.Qf6+ Kd7 43.Rg7+ Kc8 44.Qxf5+ Kb8 45.Qf7 Qh4+ 46.Kg2 Qe4+ 47.Qf3 Qd5 48.Qxd5 Rxd5 49.Bxh6 1-0

[Event "FIDE Grand Swiss 2023"]
[Site "Villa Marina, Douglas, Isle of Man"]
[Date "2023.11.04"]
[Round "10.5"]
[White "Sevian, Samuel"]
[Black "Erigaisi, Arjun"]
[Result "0-1"]
[WhiteElo "2698"]
[BlackElo "2712"]
[EventDate "2023.10.25"]
[ECO "D31"]
[PlyCount "64"]
[BlackClock "00:16:23"]
[BlackFideId "35009192"]
[TimeControl "40/100 + 20/50 + 15 + 30s/move"]
[WhiteClock "00:00:07"]
[WhiteFideId "2040506"]

1.d4 d5 2.c4 e6 3.Nc3 c6 4.Nf3 dxc4 5.e3 b5 6.a4 Bb4 7.Bd2 a5 8.axb5 Bxc3 9.Bxc3 cxb5 10.b3 Bb7 11.bxc4 b4 12.Bb2 Nf6 13.Bd3 O-O 14.O-O Qc7 15.Nd2 a4 16.d5 b3 17.Bxf6 gxf6 18.Qh5 f5 19.Nf3 f6 20.Nd4 exd5 21.Qxf5 Qd7 22.Ne6 Nc6 23.cxd5 Ne5 24.Nc5 Qxf5 25.Bxf5 Bc8 26.Bxc8 Rfxc8 27.Rxa4 b2 28.Rb4 Rab8 29.Nb7 Rc2 30.Rb5 Nc4 31.d6 Nd2 32.d7 Rc1 0-1

[Event "FIDE Grand Swiss 2023"]
[Site "Villa Marina, Douglas, Isle of Man"]
[Date "2023.11.04"]
[Round "10.6"]
[White "Predke, Alexandr"]
[Black "Kuzubov, Yuriy"]
[Result "1-0"]
[WhiteElo "2656"]
[BlackElo "2625"]
[EventDate "2023.10.25"]
[ECO "D35"]
[PlyCount "69"]
[BlackClock "00:01:19"]
[BlackFideId "14112906"]
[TimeControl "40/100 + 20/50 + 15 + 30s/move"]
[WhiteClock "00:14:39"]
[WhiteFideId "24107581"]

1.d4 Nf6 2.c4 e6 3.Nc3 d5 4.cxd5 exd5 5.Bg5 Be7 6.e3 O-O 7.Bd3 h6 8.Bh4 c6 9.Qc2 Re8 10.Nge2 Nbd7 11.O-O Ne4 12.Bxe7 Qxe7 13.Bxe4 dxe4 14.Ng3 Nf6 15.h3 h5 16.f3 exf3 17.Rxf3 h4 18.Nge2 b5 19.Raf1 b4 20.Na4 Nd5 21.Rxf7 Qxe3+ 22.R1f2 Qg5 23.Qxc6 Bxh3 24.R7f5 Bxf5 25.Qxd5+ Kh7 26.Rxf5 Qe3+ 27.Kh2 g6 28.Rf4 h3 29.Qf7+ Kh6 30.Qf6 Qxe2 31.Rh4+ Qh5 32.Rxh5+ Kxh5 33.Kxh3 Re3+ 34.g3 g5 35.Qg7 1-0

[Event "FIDE Grand Swiss 2023"]
[Site "Villa Marina, Douglas, Isle of Man"]
[Date "2023.11.04"]
[Round "10.7"]
[White "Niemann, Hans Moke"]
[Black "Giri, Anish"]
[Result "0-1"]
[WhiteElo "2667"]
[BlackElo "2760"]
[EventDate "2023.10.25"]
[ECO "A11"]
[PlyCount "188"]
[BlackFideId "24116068"]
[TimeControl "40/100 + 20/50 + 15 + 30s/move"]
[WhiteFideId "2093596"]

1.c4 c6 2.Nf3 d5 3.e3 Nf6 4.Nc3 Nbd7 5.Qc2 e5 6.cxd5 Nxd5 7.d4 Nb4 8.Qd1 exd4 9.exd4 Bd6 10.a3 Nd5 11.Nxd5 cxd5 12.Bd3 O-O 13.O-O h6 14.Qb3 Nf6 15.Ne5 Bxe5 16.dxe5 Nd7 17.f4 Nc5 18.Qc3 Nxd3 19.Qxd3 Qb6+ 20.Rf2 Re8 21.Be3 Bf5 22.Bxb6 Bxd3 23.Bd4 Rec8 24.Rd1 Bc2 25.Rdd2 Be4 26.h3 Rc1+ 27.Kh2 g6 28.Kg3 b6 29.Kh4 Rac8 30.Bc3 Rc4 31.g4 Kf8 32.Bd4 Rh1 33.Bc3 Ke7 34.Kg3 Rg1+ 35.Kh2 Rh1+ 36.Kg3 Ke6 37.Kh4 Rc8 38.Rh2 Rf1 39.Rhf2 Rh1 40.Rh2 Rf1 41.Rhf2 Rc1 42.Bd4 Rh8 43.Rh2 Rhc8 44.Rhf2 Rh1 45.Bc3 Rg1 46.Rh2 Rc4 47.Rhf2 Bb1 48.Bd4 Re1 49.b3 Rcc1 50.Bb2 Rcd1 51.Bd4 Be4 52.b4 Rf1 53.Be3 Rxd2 54.Rxf1 Rd3 55.f5+ gxf5 56.Bxh6 Rxa3 57.Rc1 Bg2 58.Bf4 Rxh3+ 59.Kg5 fxg4 60.Rc6+ Kd7 61.Rd6+ Kc8 62.Rc6+ Kb7 63.b5 d4 64.Rd6 Kc8 65.Kf6 Rh7 66.Ke7 f5+ 67.Ke8 Bf1 68.Rxd4 Bxb5+ 69.Kf8 Rh4 70.Rd2 Rh1 71.e6 Rf1 72.Rd4 Re1 73.e7 Re4 74.Rd5 Bd7 75.Rd1 Bc6 76.Rd6 Kb7 77.Rf6 b5 78.Rxf5 b4 79.Rf7 Kb6 80.Bb8 a6 81.Bc7+ Kb5 82.Rf5+ Kc4 83.Bd6 Bb5 84.Rc5+ Kd4 85.Rg5 b3 86.Ba3 Kd3 87.Rc5 g3 88.Rg5 Re3 89.Bc1 Rf3+ 90.Kg8 Be8 91.Ba3 Kc2 92.Rc5+ Kb1 93.Rc8 g2 94.Bc5 Rc3 0-1

[Event "FIDE Grand Swiss 2023"]
[Site "Villa Marina, Douglas, Isle of Man"]
[Date "2023.11.04"]
[Round "10.8"]
[White "Aronian, Levon"]
[Black "Ter-Sahakyan, Samvel"]
[Result "1/2-1/2"]
[WhiteElo "2742"]
[BlackElo "2618"]
[EventDate "2023.10.25"]
[ECO "A20"]
[PlyCount "44"]
[BlackClock "01:15:16"]
[BlackFideId "13302531"]
[TimeControl "40/100 + 20/50 + 15 + 30s/move"]
[WhiteClock "01:35:27"]
[WhiteFideId "13300474"]

1.c4 e5 2.g3 c6 3.d4 e4 4.d5 Bb4+ 5.Bd2 Qe7 6.e3 Bxd2+ 7.Qxd2 d6 8.Nc3 c5 9.Bg2 f5 10.f4 Nf6 11.Nh3 Na6 12.Nf2 h5 13.h4 Bd7 14.Bf1 Nc7 15.Be2 O-O 16.O-O Rfb8 17.a4 a5 18.b3 b6 19.Kg2 Re8 20.Kg1 Reb8 21.Kg2 Re8 22.Kg1 Reb8 1/2-1/2

[Event "FIDE Grand Swiss 2023"]
[Site "Villa Marina, Douglas, Isle of Man"]
[Date "2023.11.04"]
[Round "10.9"]
[White "Korobov, Anton"]
[Black "Praggnanandhaa, R"]
[Result "1/2-1/2"]
[WhiteElo "2658"]
[BlackElo "2738"]
[EventDate "2023.10.25"]
[ECO "C77"]
[PlyCount "65"]
[BlackClock "00:12:11"]
[BlackFideId "25059530"]
[TimeControl "40/100 + 20/50 + 15 + 30s/move"]
[WhiteClock "00:16:10"]
[WhiteFideId "14105730"]

1.e4 e5 2.Nf3 Nc6 3.Bb5 a6 4.Ba4 Nf6 5.d3 Bc5 6.O-O b5 7.Bb3 d6 8.c3 h6 9.Nbd2 O-O 10.Re1 Bb6 11.Nf1 Ne7 12.Ng3 Ng6 13.h3 Re8 14.a4 Rb8 15.axb5 axb5 16.d4 c5 17.Bc2 cxd4 18.cxd4 Bb7 19.Be3 exd4 20.Bxd4 {[%clk 00:50:43][%emt 00:05:16] Anton Korobov
2658 - R Praggnanandhaa 2738, FIDE Grand Swiss 2023, Villa Marina, Douglas, Isle
of Man, Isle Of Man (10.9), 2023.11.04} 20...Rc8 21.Bd3 Bxd4 22.Nxd4 Qb6 23.Nxb5 d5 24.Bf1 Nxe4 25.Qd4 Qxd4 26.Nxd4 Nxg3 27.fxg3 Re4 28.Red1 Ne5 29.Ra7 Rb8 30.b4 Rxd4 31.Rxd4 Nc6 32.Rxb7 Rxb7 33.Rxd5 1/2-1/2

[Event "FIDE Grand Swiss 2023"]
[Site "Villa Marina, Douglas, Isle of Man"]
[Date "2023.11.04"]
[Round "10.10"]
[White "Vachier-Lagrave, Maxime"]
[Black "Wojtaszek, Radoslaw"]
[Result "1/2-1/2"]
[WhiteElo "2727"]
[BlackElo "2668"]
[EventDate "2023.10.25"]
[ECO "C77"]
[PlyCount "61"]
[BlackClock "00:35:25"]
[BlackFideId "1118358"]
[TimeControl "40/100 + 20/50 + 15 + 30s/move"]
[WhiteClock "00:40:47"]
[WhiteFideId "623539"]

1.e4 e5 2.Nf3 Nc6 3.Bb5 a6 4.Ba4 Nf6 5.Nc3 Bc5 6.Bxc6 dxc6 7.d3 Bd6 8.h3 Be6 9.Bg5 h6 10.Bh4 Qe7 11.Bg3 Nd7 12.Qe2 O-O-O 13.Nd1 g6 14.Bh4 f6 15.Ne3 Qf7 16.a3 g5 17.Bg3 Nf8 18.Nf5 Ng6 19.Nxd6+ cxd6 20.O-O-O f5 21.exf5 Bxf5 22.Kb1 Rhe8 23.Qd2 c5 24.h4 g4 25.h5 gxf3 26.hxg6 Bxg6 27.gxf3 h5 28.f4 e4 29.d4 Bf5 30.dxc5 dxc5 31.Qc3 1/2-1/2

[Event "FIDE Grand Swiss 2023"]
[Site "Villa Marina, Douglas, Isle of Man"]
[Date "2023.11.04"]
[Round "10.11"]
[White "Anton Guijarro, David"]
[Black "Duda, Jan-Krzysztof"]
[Result "1/2-1/2"]
[WhiteElo "2653"]
[BlackElo "2726"]
[EventDate "2023.10.25"]
[ECO "E42"]
[PlyCount "75"]
[BlackFideId "1170546"]
[TimeControl "40/100 + 20/50 + 15 + 30s/move"]
[WhiteFideId "2285525"]

1.d4 Nf6 2.c4 e6 3.Nc3 Bb4 4.e3 c5 5.Ne2 cxd4 6.exd4 d5 7.c5 Ne4 8.a3 Nxc3 9.Nxc3 Bxc3+ 10.bxc3 O-O 11.Bd3 Qh4 12.Rb1 b6 13.cxb6 axb6 14.Rxb6 Nd7 15.Rb4 Ba6 16.O-O Rfc8 17.Qe2 Bxd3 18.Qxd3 Qd8 19.c4 dxc4 20.Rxc4 Rxc4 21.Qxc4 Nb6 22.Qb3 Nd5 23.Bd2 Qd7 24.Rb1 h5 25.Qf3 Qa7 26.Qxh5 Qxa3 27.Qe2 Nc3 28.Bxc3 Qxc3 29.Rd1 Rd8 30.Qe3 Qc2 31.Qd2 Qxd2 32.Rxd2 Rd5 33.f4 f6 34.Kf2 e5 35.Ke3 exd4+ 36.Rxd4 Rh5 37.h3 Kh7 38.Kf3 ( 
38.Ke4 ) 1/2-1/2

[Event "FIDE Grand Swiss 2023"]
[Site "Villa Marina, Douglas, Isle of Man"]
[Date "2023.11.04"]
[Round "10.12"]
[White "Abdusattorov, Nodirbek"]
[Black "Sindarov, Javokhir"]
[Result "1/2-1/2"]
[WhiteElo "2716"]
[BlackElo "2658"]
[EventDate "2023.10.25"]
[ECO "C77"]
[PlyCount "74"]
[BlackClock "00:04:16"]
[BlackFideId "14205483"]
[TimeControl "40/100 + 20/50 + 15 + 30s/move"]
[WhiteClock "00:06:42"]
[WhiteFideId "14204118"]

1.e4 e5 2.Nf3 Nc6 3.Bb5 a6 4.Ba4 Nf6 5.Nc3 Bc5 6.O-O O-O 7.Bxc6 dxc6 8.d3 Nd7 9.Be3 Bd6 10.a4 a5 11.Ne2 Re8 12.Nd2 Nf8 13.Nc4 Ng6 14.Qe1 b6 15.Nxd6 cxd6 16.f4 f5 17.exf5 Bxf5 18.fxe5 Bg4 19.Nf4 Nxe5 20.Qg3 Ra7 21.d4 Nd7 22.d5 c5 23.Qxg4 Rxe3 24.Ne6 Qe7 25.Qf4 Re5 26.Ra3 Ra8 27.Raf3 Nf6 28.Nxg7 Kxg7 29.Qg3+ Kh8 30.Rxf6 Rg8 31.Qf3 Re2 32.g3 Rxc2 33.Rf7 Qh4 34.Rf2 Rxf2 35.Qxf2 Qd4 36.Qxd4+ cxd4 37.Kf1 Re8 1/2-1/2

[Event "FIDE Grand Swiss 2023"]
[Site "Villa Marina, Douglas, Isle of Man"]
[Date "2023.11.04"]
[Round "10.13"]
[White "Vitiugov, Nikita"]
[Black "Petrosyan, Manuel"]
[Result "1-0"]
[WhiteElo "2711"]
[BlackElo "2604"]
[EventDate "2023.10.25"]
[ECO "C77"]
[PlyCount "73"]
[BlackFideId "13300857"]
[TimeControl "40/100 + 20/50 + 15 + 30s/move"]
[WhiteFideId "4152956"]

1.e4 e5 2.Nf3 Nc6 3.Bb5 a6 4.Ba4 Nf6 5.Nc3 Bd6 6.d3 O-O 7.O-O Re8 8.a3 h6 9.Be3 Bf8 10.Nd5 b5 11.Bb3 Na5 12.Nxf6+ Qxf6 13.Ba2 c5 14.Nd2 d6 15.f4 Be6 16.Bxe6 fxe6 17.fxe5 Qxe5 18.Qg4 Qxb2 19.Bxh6 Nc6 20.Rae1 Ra7 21.Nf3 Ne5 22.Nxe5 Qxe5 23.Bf4 Qf6 24.Be3 Qc3 25.Re2 Rf7 26.Ref2 Rxf2 27.Bxf2 Qa5 28.Be3 Qc7 29.Rf3 c4 30.d4 d5 31.e5 Bxa3 32.Qg6 Qd7 33.Bg5 Bb2 34.Rh3 Bxd4+ 35.Kh1 Re7 36.Qh7+ Kf8 37.Rf3+ 1-0

[Event "FIDE Grand Swiss 2023"]
[Site "Villa Marina, Douglas, Isle of Man"]
[Date "2023.11.04"]
[Round "10.14"]
[White "Sarana, Alexey"]
[Black "Cheparinov, Ivan"]
[Result "1/2-1/2"]
[WhiteElo "2682"]
[BlackElo "2658"]
[EventDate "2023.10.25"]
[ECO "D41"]
[PlyCount "61"]
[BlackFideId "2905540"]
[TimeControl "40/100 + 20/50 + 15 + 30s/move"]
[WhiteFideId "24133795"]

1.d4 Nf6 2.c4 e6 3.Nf3 d5 4.Nc3 c5 5.cxd5 cxd4 6.Qxd4 exd5 7.Bg5 Be7 8.e3 O-O 9.Be2 Nc6 10.Qd2 Be6 11.O-O Ne4 12.Bxe7 Qxe7 13.Qc2 Rac8 14.Rfc1 Rfd8 15.Qa4 Qf6 16.Rc2 Bf5 17.Nxe4 dxe4 18.Nd2 Nd4 19.exd4 Rxc2 20.Qxc2 e3 21.Qc3 exd2 22.Qxd2 Qxd4 23.Qxd4 Rxd4 24.Kf1 Kf8 25.Rd1 Rxd1+ 26.Bxd1 Be6 27.a3 Ke7 28.Ke2 Bd5 29.g3 Kd6 30.Kd3 Kc5 31.b4+ 1/2-1/2